SKY
SAN FRANCISCO GIANTS @ SAN DIEGO PADRES
08/23/2051
 
TOP OF THE 1ST
San Francisco Giants batting - Pitching for San Diego Padres : RHP Calvin Owen
Pitching: RHP Calvin Owen
Batting: RHB Kaiden Clackum 0-0: Swinging Strike
0-1: Ball
1-1: Bunted foul
1-2: SINGLE (Line Drive, 6D, EV 110.0 MPH)
Batting: LHB Jeff Edelman 0-0: Ball
1-0: Ball
2-0: Ball
3-0: Base on Balls
Kaiden Clackum to second
Batting: RHB Theodore Phu 0-0: Ball
1-0: Grounds into double play, 5-4-3 (Groundball, 56, EV 85.0 MPH)
Kaiden Clackum to third
Batting: RHB Abraham Whiteman 0-0: Ball
1-0: Foul Ball, location: 5DF
1-1: Ground out 1-3 (Groundball, 15, EV 71.9 MPH)
Top of the 1st over - 0 runs, 1 hit, 0 errors, 1 left on base; San Francisco 0 - San Diego 0
BOTTOM OF THE 1ST
San Diego Padres batting - Pitching for San Francisco Giants : LHP Donnie Rank
Pitching: LHP Donnie Rank
Batting: RHB Silvio Sevilla 0-0: Ball
1-0: Ball
2-0: Called Strike
2-1: Swinging Strike
2-2: Strikes out swinging
Batting: RHB Des Galindo 0-0: Ball
1-0: Swinging Strike
1-1: Foul Ball, location: 2F
1-2: Foul Ball, location: 23F
1-2: Fly out, F8 (Flyball, 8RM, EV 88.1 MPH)
Batting: LHB Eric Ho 0-0: Ball
1-0: Ball
2-0: Called Strike
2-1: Swinging Strike
2-2: Foul Ball, location: 2F
2-2: Ball
3-2: Foul Ball, location: 3F
3-2: Fly out, F9 (Flyball, 9D, EV 110.6 MPH)
Bottom of the 1st over - 0 runs, 0 hits, 0 errors, 0 left on base; San Francisco 0 - San Diego 0
TOP OF THE 2ND
San Francisco Giants batting - Pitching for San Diego Padres : RHP Calvin Owen
Batting: RHB Zavier Austin 0-0: DOUBLE (Groundball, 5L, EV 108.8 MPH)
Batting: RHB Solomon Ding 0-0: Ball
1-0: Called Strike
1-1: Ball
2-1: Ball
3-1: Swinging Strike
3-2: Foul Ball, location: 2F
3-2: Fly out, F8 (Flyball, 89D, EV 105.0 MPH)
Runner from 2nd tags up, SAFE at 3rd, no throw by CF
Batting: RHB Rhett Damewood 0-0: Called Strike
0-1: SINGLE (Flyball, 6D, EV 95.0 MPH)
Zavier Austin scores
Batting: RHB Zaiden Parker 0-0: Ball
1-0: Foul Ball, location: 2F
1-1: Fly out, F8 (Flyball, 8RM, EV 93.8 MPH)
Batting: RHB Daniel Camp 0-0: Foul Ball, location: 3FF
0-1: Ball
1-1: Ball
2-1: Fly out, F8 (Flyball, 89S, EV 80.0 MPH)
Top of the 2nd over - 1 run, 2 hits, 0 errors, 1 left on base; San Francisco 1 - San Diego 0
BOTTOM OF THE 2ND
San Diego Padres batting - Pitching for San Francisco Giants : LHP Donnie Rank
Batting: LHB Owen Chandler 0-0: Foul Ball, location: 2F
0-1: Ball
1-1: Ball
2-1: Called Strike
2-2: Foul Ball, location: 7LSF
2-2: Strikes out looking
Batting: SHB Dexter Greer 0-0: Ball
1-0: Foul Ball, location: 2LF
1-1: DOUBLE (Flyball, 8LXD, EV 110.0 MPH)
Batting: LHB Neil Smyth 0-0: Called Strike
0-1: Ball
1-1: Ball
2-1: Called Strike
2-2: Ball
3-2: Strikes out swinging
Batting: RHB Trinidad Apodaca 0-0: Ball
1-0: Swinging Strike
1-1: Ground out 6-3 (Groundball, 6, EV 105.6 MPH)
Bottom of the 2nd over - 0 runs, 1 hit, 0 errors, 1 left on base; San Francisco 1 - San Diego 0
TOP OF THE 3RD
San Francisco Giants batting - Pitching for San Diego Padres : RHP Calvin Owen
Batting: RHB Kaiden Clackum 0-0: SINGLE (Line Drive, 4D, EV 99.4 MPH)
Batting: LHB Jeff Edelman 0-0: Called Strike
0-1: Swinging Strike
0-2: Foul Ball, location: 7LMF
0-2: Ball
1-2: Ball
Kaiden Clackum is caught stealing 2nd base 2-6
2-2: Fly out, F8 (Flyball, 8LD, EV 97.5 MPH)
Batting: RHB Theodore Phu 0-0: Fly out, F2 (Popup, 3SF, EV 87.5 MPH)
Top of the 3rd over - 0 runs, 1 hit, 0 errors, 0 left on base; San Francisco 1 - San Diego 0
BOTTOM OF THE 3RD
San Diego Padres batting - Pitching for San Francisco Giants : LHP Donnie Rank
Batting: LHB Flávio Chacon 0-0: Called Strike
0-1: Fly out, F3 (Popup, 3F, EV 80.6 MPH)
Batting: RHB Carter Harding 0-0: Called Strike
0-1: Swinging Strike
0-2: Foul Ball, location: 2F
0-2: Ball
1-2: Ground out 6-3 (Groundball, 6M, EV 102.5 MPH)
Batting: RHB Silvio Sevilla 0-0: Swinging Strike
0-1: Called Strike
0-2: Foul Ball, location: 2F
0-2: Foul Ball, location: 23FF
0-2: Ball
1-2: Ball
2-2: Ball
3-2: Ground out 6-3 (Groundball, 6, EV 93.1 MPH)
Bottom of the 3rd over - 0 runs, 0 hits, 0 errors, 0 left on base; San Francisco 1 - San Diego 0
TOP OF THE 4TH
San Francisco Giants batting - Pitching for San Diego Padres : RHP Calvin Owen
Batting: RHB Abraham Whiteman 0-0: Ball
1-0: Foul Ball, location: 2F
1-1: Swinging Strike
1-2: Foul Ball, location: 25F
1-2: Ball
2-2: Ball
3-2: Reached via error on a dropped throw from 2B, E3 (Groundball, 4, EV 86.9 MPH)
Batting: RHB Zavier Austin 0-0: Ball
1-0: Ball
2-0: Called Strike
2-1: Grounds into double play, 6-4-3 (Groundball, 6, EV 83.8 MPH)
Batting: RHB Solomon Ding 0-0: Swinging Strike
0-1: Swinging Strike
0-2: Strikes out swinging
Top of the 4th over - 0 runs, 0 hits, 1 error, 0 left on base; San Francisco 1 - San Diego 0
BOTTOM OF THE 4TH
San Diego Padres batting - Pitching for San Francisco Giants : LHP Donnie Rank
Batting: RHB Des Galindo 0-0: Foul Ball, location: 2F
0-1: SINGLE (Line Drive, 3D, EV 103.8 MPH)
Batting: LHB Eric Ho 0-0: SINGLE (Groundball, 4MD, EV 98.8 MPH)
Des Galindo to second
Runner from 2nd tries for 3rd, SAFE, no throw by CF
Batting: LHB Owen Chandler 0-0: Ball
1-0: Foul Ball, location: 5F
1-1: Swinging Strike
1-2: Foul Ball, location: 2F
1-2: Strikes out swinging
Batting: SHB Dexter Greer 0-0: Ball
1-0: Called Strike
1-1: Called Strike
1-2: Grounds into double play, 4-6-3 (Groundball, 4M, EV 105.6 MPH)
Bottom of the 4th over - 0 runs, 2 hits, 0 errors, 1 left on base; San Francisco 1 - San Diego 0
TOP OF THE 5TH
San Francisco Giants batting - Pitching for San Diego Padres : RHP Calvin Owen
Batting: RHB Rhett Damewood 0-0: Ball
1-0: Foul Ball, location: 9LDF
1-1: Fly out, F9 (Line Drive, 9LM, EV 101.3 MPH)
Batting: RHB Zaiden Parker 0-0: Swinging Strike
0-1: Ball
1-1: Called Strike
1-2: Strikes out swinging
Batting: RHB Daniel Camp 0-0: Ball
1-0: Called Strike
1-1: Ball
2-1: Ground out 6-3 (Groundball, 6, EV 86.3 MPH)
Top of the 5th over - 0 runs, 0 hits, 0 errors, 0 left on base; San Francisco 1 - San Diego 0
BOTTOM OF THE 5TH
San Diego Padres batting - Pitching for San Francisco Giants : LHP Donnie Rank
Batting: LHB Neil Smyth 0-0: Called Strike
0-1: Foul Ball, location: 2F
0-2: Ball
1-2: SINGLE (Groundball, 6MS, EV 75.6 MPH) (infield hit)
Batting: RHB Trinidad Apodaca 0-0: Ground out 1-3 (Groundball, 23, EV 68.1 MPH)
Neil Smyth to second
Batting: LHB Flávio Chacon 0-0: Called Strike
0-1: Ball
1-1: Fly out, F8 (Flyball, 8RXD, EV 83.1 MPH)
Runner from 2nd tags up, SAFE at 3rd, no throw by CF
Batting: RHB Carter Harding 0-0: Called Strike
0-1: Ball
1-1: Ball
2-1: Foul Ball, location: 2F
2-2: Ball
3-2: Ground out 6-3 (Groundball, 6, EV 86.9 MPH)
Bottom of the 5th over - 0 runs, 1 hit, 0 errors, 1 left on base; San Francisco 1 - San Diego 0
TOP OF THE 6TH
San Francisco Giants batting - Pitching for San Diego Padres : RHP Calvin Owen
Batting: RHB Kaiden Clackum 0-0: Called Strike
0-1: Foul Ball, location: 25F
0-2: Hit by Pitch
Batting: LHB Jeff Edelman 0-0: Ball
1-0: Foul Ball, location: 2F
1-1: DOUBLE (Flyball, 8LXD, EV 109.4 MPH)
Kaiden Clackum to third
Runner from 3rd tries for Home, SAFE, no throw by CF
Batting: RHB Theodore Phu 0-0: Called Strike
0-1: Called Strike
0-2: Ground out 4-3 (Groundball, 4, EV 89.4 MPH)
Jeff Edelman to third
Batting: RHB Abraham Whiteman 0-0: Foul Ball, location: 2F
0-1: Called Strike
0-2: Ball
1-2: Ball
2-2: Ball
3-2: Foul Ball, location: 3F
3-2: Base on Balls
Batting: RHB Zavier Austin 0-0: SINGLE (Groundball, 34D, EV 106.3 MPH)
Jeff Edelman scores
Abraham Whiteman to second
Runner from 2nd tries for 3rd, SAFE, throw by RF made to third
Batting: RHB Solomon Ding 0-0: Ball
Zavier Austin steals 2nd base
1-0: Ball
2-0: Swinging Strike
2-1: Called Strike
2-2: Strikes out swinging
Batting: RHB Rhett Damewood 0-0: Ball
1-0: Foul Ball, location: 2F
1-1: Ball
2-1: Fly out, F9 (Flyball, 89D, EV 89.4 MPH)
Top of the 6th over - 2 runs, 2 hits, 0 errors, 2 left on base; San Francisco 3 - San Diego 0
BOTTOM OF THE 6TH
San Diego Padres batting - Pitching for San Francisco Giants : LHP Donnie Rank
Batting: RHB Silvio Sevilla 0-0: Called Strike
0-1: Swinging Strike
0-2: Strikes out swinging
Batting: RHB Des Galindo 0-0: Ball
1-0: Foul Ball, location: 7LMF
1-1: Ball
2-1: Foul Ball, location: 2F
2-2: Foul Ball, location: 23FF
2-2: TRIPLE (Line Drive, 89XD, EV 98.8 MPH)
Batting: LHB Eric Ho 0-0: SINGLE (Groundball, 56D, EV 109.4 MPH)
Des Galindo scores
Batting: LHB Owen Chandler 0-0: Swinging Strike
0-1: Ball
1-1: Swinging Strike
1-2: Foul Ball, location: 7LSF
1-2: Foul Ball, location: 3F
1-2: Foul Ball, location: 7LDF
1-2: DOUBLE (Line Drive, 89XD, EV 108.1 MPH)
Eric Ho to third
Batting: SHB Dexter Greer 0-0: SINGLE (Line Drive, 8LS, EV 97.5 MPH)
Eric Ho scores
Owen Chandler to third
Runner from 3rd tries for Home, throw by CF and OUT! 8-2
Dexter Greer to second
Pinch Hitting: RHB Donny Nuvolari 0-0: Ball
1-0: Ball
2-0: Called Strike
2-1: Foul Ball, location: 7LMF
2-2: Foul Ball, location: 2F
2-2: Ball
3-2: Foul Ball, location: 9LSF
3-2: SINGLE (Groundball, 4MD, EV 95.0 MPH)
Dexter Greer to third
Runner from 3rd tries for Home, SAFE, throw by CF to home
Pitching: LHP Arturo Frank
Batting: RHB Trinidad Apodaca 0-0: Ball
1-0: Fly out, F8 (Flyball, 8LM, EV 96.9 MPH)
Bottom of the 6th over - 3 runs, 5 hits, 0 errors, 1 left on base; San Francisco 3 - San Diego 3
TOP OF THE 7TH
San Francisco Giants batting - Pitching for San Diego Padres : RHP Calvin Owen
Now in RF: Lester Flores
Batting: RHB Zaiden Parker 0-0: Called Strike
0-1: Foul Ball, location: 5SF
0-2: Ball
1-2: SINGLE (Groundball, 6MD, EV 102.5 MPH)
Batting: RHB Daniel Camp 0-0: Sac Bunt to 13 - play at first, batter OUT! 1-3
Zaiden Parker to second
Batting: RHB Kaiden Clackum 0-0: Ground out 5-3 (Groundball, 56S, EV 86.9 MPH)
Batting: LHB Jeff Edelman 0-0: Ground out U3 (Groundball, 34, EV 89.4 MPH)
Top of the 7th over - 0 runs, 1 hit, 0 errors, 1 left on base; San Francisco 3 - San Diego 3
BOTTOM OF THE 7TH
San Diego Padres batting - Pitching for San Francisco Giants : LHP Arturo Frank
Batting: LHB Flávio Chacon 0-0: Ball
1-0: Called Strike
1-1: Ground out 4-3 (Groundball, 4, EV 90.6 MPH)
Batting: RHB Carter Harding 0-0: Fly out, F9 (Flyball, 9S, EV 96.3 MPH)
Batting: RHB Silvio Sevilla 0-0: Ball
1-0: Foul Ball, location: 25F
1-1: Foul Ball, location: 2F
1-2: Foul Ball, location: 5SF
1-2: Ball
2-2: Ball
3-2: SINGLE (Line Drive, 34, EV 103.8 MPH)
Batting: RHB Des Galindo 0-0: Called Strike
0-1: Called Strike
0-2: Ball
1-2: Strikes out swinging
Bottom of the 7th over - 0 runs, 1 hit, 0 errors, 1 left on base; San Francisco 3 - San Diego 3
TOP OF THE 8TH
San Francisco Giants batting - Pitching for San Diego Padres : RHP Calvin Owen
Batting: RHB Theodore Phu 0-0: Foul Ball, location: 23F
0-1: Foul Ball, location: 5F
0-2: Ball
1-2: Fly out, F9 (Flyball, 89XD, EV 100.6 MPH)
Pitching: RHP Kolter Sarkesian
Batting: RHB Abraham Whiteman 0-0: Foul Ball, location: 2F
0-1: Ball
1-1: Ball
2-1: Ball
3-1: Swinging Strike
3-2: Strikes out swinging
Batting: RHB Zavier Austin 0-0: Foul Ball, location: 5F
0-1: Ground out 5-3 (Groundball, 56, EV 77.5 MPH)
Top of the 8th over - 0 runs, 0 hits, 0 errors, 0 left on base; San Francisco 3 - San Diego 3
BOTTOM OF THE 8TH
San Diego Padres batting - Pitching for San Francisco Giants : LHP Arturo Frank
Batting: LHB Eric Ho 0-0: Fly out, F7 (Line Drive, 78M, EV 110.0 MPH)
Batting: LHB Owen Chandler 0-0: Called Strike
0-1: Fly out, F8 (Flyball, 8LD, EV 82.5 MPH)
Batting: SHB Dexter Greer 0-0: Called Strike
0-1: Ball
1-1: Swinging Strike
1-2: Foul Ball, location: 9LDF
1-2: Strikes out swinging
Bottom of the 8th over - 0 runs, 0 hits, 0 errors, 0 left on base; San Francisco 3 - San Diego 3
TOP OF THE 9TH
San Francisco Giants batting - Pitching for San Diego Padres : RHP Kolter Sarkesian
Batting: RHB Solomon Ding 0-0: Foul Ball, location: 9LSF
0-1: Ground out 5-3 (Groundball, 56, EV 80.6 MPH)
Batting: RHB Rhett Damewood 0-0: Called Strike
0-1: Swinging Strike
0-2: Ground out 6-3 (Groundball, 6, EV 86.3 MPH)
Pinch Hitting: RHB Nolan Peterson 0-0: Foul Ball, location: 2F
0-1: Ball
1-1: Ball
2-1: Swinging Strike
2-2: Strikes out swinging
Top of the 9th over - 0 runs, 0 hits, 0 errors, 0 left on base; San Francisco 3 - San Diego 3
BOTTOM OF THE 9TH
San Diego Padres batting - Pitching for San Francisco Giants : LHP Arturo Frank
Now at SS: William Cook
Batting: LHB Lester Flores 0-0: Called Strike
0-1: Ball
1-1: Swinging Strike
1-2: Strikes out swinging
Batting: RHB Trinidad Apodaca 0-0: DOUBLE (Groundball, 5L, EV 103.1 MPH)
Batting: LHB Flávio Chacon 0-0: Ball
1-0: Ball
2-0: Foul Ball, location: 2LF
2-1: Ball
3-1: Foul Ball, location: 5F
3-2: Fly out, F8 (Flyball, 8LS, EV 85.6 MPH)
Batting: RHB Carter Harding 0-0: Swinging Strike
0-1: Called Strike
0-2: Ball
1-2: Foul Ball, location: 3DF
1-2: SINGLE (Line Drive, 89S, EV 95.6 MPH)
Trinidad Apodaca to third
Runner from 3rd tries for Home, SAFE, throw by RF to home
Bottom of the 9th over - 1 run, 2 hits, 0 errors, 1 left on base; San Francisco 3 - San Diego 4
Wednesday, March 27th , 2024 - OOTP Baseball 24.11 Build 85